 Dungeon Crawl Stone Soup version 0.29.1-15-g9cfb28693d (webtiles) character file.

Game seed: 11401897753066158300

111 Groucho the Sneak (level 4, 0/21 HPs)
             Began as a Spriggan Earth Elementalist on Feb 25, 2023.
             Slain by Grinder (2 damage)
             ... while paralysed by Grinder
             ... on level 3 of the Dungeon.
             The game lasted 00:05:20 (3122 turns).

Groucho the Sneak (Spriggan Earth Elementalist)     Turns: 3122, Time: 00:05:21

Health: 0/21       AC:  3    Str:  4    XL:     4   Next: 62%
Magic:  4/9        EV:  4    Int: 18    God:
Gold:   76         SH:  0    Dex: 15    Spells: 6/9 levels left

rFire   . . .      SeeInvis +   e - +1 dagger (venom)
rCold   . . .      Faith    .   (no shield)
rNeg    . . .      Spirit   .   a - +0 robe
rPois   .          Reflect  .   (helmet restricted)
rElec   .          Harm     .   n - +0 cloak
rCorr   .          Rampage  .   (gloves unavailable)
Will    .....                   (boots unavailable)
Stlth   +++.......              (no amulet)
HPRegen 0.07/turn               (no ring)
MPRegen 0.11/turn               (no ring)

@: paralysed, very quick
A: very small, no large weapons, unfitting armour, see invisible, speed 3
a: no special abilities


You were on level 3 of the Dungeon.
You visited 1 branch of the dungeon, and saw 3 of its levels.

You collected 76 gold pieces.

Inventory:

Hand Weapons
 e - a +1 dagger of venom (weapon)
Armour
 a - a +0 robe (worn)
 n - a +0 cloak (worn)
Scrolls
 d - a scroll of teleportation {unknown}
 f - 2 scrolls of torment {unknown}
 h - 2 scrolls of identify {unknown}
 j - a scroll of enchant weapon {unknown}
 l - a scroll of brand weapon {unknown}
Potions
 b - a potion of magic
 c - a potion of berserk rage {unknown}
 g - 3 potions of curing {unknown}
 i - a potion of invisibility {unknown}
 k - 2 potions of brilliance {unknown}
 m - a potion of haste {unknown}


   Skills:
 + Level 3.3 Dodging
 + Level 4.0 Stealth
 + Level 3.2 Spellcasting
 * Level 1.1 Conjurations
 + Level 2.3 Transmutations
 + Level 0.6 Fire Magic
 * Level 3.3 Earth Magic


You had 6 spell levels left.
You knew the following spells:

 Your Spells              Type           Power      Damage    Failure   Level
a - Sandblast             Erth           30%        2d9       4%          1
b - Foxfire               Conj/Fire      24%        2x1d5     11%         1
c - Beastly Appendage     Tmut           22%        N/A       6%          1

Your spell library contained the following spells:

 Spells                   Type           Power      Damage    Failure   Level
 Passwall                 Tmut/Erth      10%        N/A       8%          2
 Wereblood                Tmut           11%        N/A       10%         2
 Stone Arrow              Conj/Erth      22%        3d8       19%         3
 Spider Form              Tmut/Pois      7%         N/A       30%         3
 Conjure Flame            Conj/Fire      6%         6-21      32%         3
 Inner Flame              Hex/Fire       4%         N/A       38%         3
 Gell's Gravitas          Tloc           2%         N/A       43%         3
 Teleport Other           Tloc           2%         N/A       43%         3
 Petrify                  Tmut/Erth      13%        N/A       45%         4
 Flame Wave               Conj/Fire      6%         2d5       73%         4
 Dispersal                Tloc           1%         N/A       100%        6


Dungeon Overview and Level Annotations

Branches:
Dungeon (3/15)

Altars:
Trog

Annotations:
D:3 Grinder


Innate Abilities, Weirdness & Mutations

You are very small and have problems with some larger weapons.
You are too small for most types of armour.
You have supernaturally acute eyesight. (SInv)
You cover ground extremely quickly. (Speed+++)


Message History

Okay, then.
Casting: Sandblast (safe; 4% risk of failure)
Confirm with . or Enter, or press ? or * to list all spells.
Aiming: Sandblast (safe; 4% risk of failure)
Press: ? - help, Shift-Dir - straight line, f - kobold
Aim: a kobold, wielding a +0 short sword (77% to hit)
The blast of sand hits the kobold!
You kill the kobold!
Grinder barely misses you.
Casting: Sandblast (safe; 4% risk of failure)
Confirm with . or Enter, or press ? or * to list all spells.
Aiming: Sandblast (safe; 4% risk of failure)
Press: ? - help, Shift-Dir - straight line, f - Grinder
Aim: Grinder (80% to hit)
The blast of sand hits Grinder!
Grinder is moderately wounded.
Grinder hits you.
Grinder says, "Tell me all your secrets, or I'll kill you."
Grinder hits you.
You writhe in agony.
Casting: Sandblast (safe; 4% risk of failure)
Confirm with . or Enter, or press ? or * to list all spells.
Aiming: Sandblast (safe; 4% risk of failure)
Press: ? - help, Shift-Dir - straight line, f/p - Grinder
Aim: Grinder (moderately wounded, 80% to hit)
The blast of sand hits Grinder!
Grinder is heavily wounded.
Grinder closely misses you.
Okay, then.
Casting: Sandblast (safe; 4% risk of failure)
Confirm with . or Enter, or press ? or * to list all spells.
Aiming: Sandblast (safe; 4% risk of failure)
Press: ? - help, Shift-Dir - straight line, f/p - Grinder
Aim: Grinder (heavily wounded, 80% to hit)
The blast of sand hits Grinder!
Grinder is severely wounded.
Grinder gestures at you.
You suddenly lose the ability to move!
Grinder hits you.
* * * LOW HITPOINT WARNING * * *
You writhe in agony.
You die...

..... ....
.... .#
... ...#
#.#
##...##.##
#......).#
#@.######
##5.....#
#...##.#
###...!#
##...#
.#.# # ..
.


You could see Grinder.

Vanquished Creatures
  Crazy Yiuf (D:2)
  3 gnolls (D:2)
  An adder (D:1)
  A worm (D:2)
  4 ball pythons
  2 endoplasms
  3 goblins (D:2)
  2 hobgoblins
  5 jackals (D:2)
  4 quokkas
  A bat (D:1)
  6 frilled lizards
  5 kobolds
  6 rats
44 creatures vanquished.

Notes
Turn   | Place    | Note
-------+----------+-------------------------------------------
     0 | D:1      | Groucho the Spriggan Earth Elementalist began the quest for
                  | the Orb.
     0 | D:1      | Reached XP level 1. HP: 9/9 MP: 5/5
    11 | D:1      | Noticed a demonspawn zombie
    19 | D:1      | Noticed a merfolk zombie
   186 | D:1      | Found a faded altar of an unknown god.
   186 | D:1      | Noticed a golden eye
   199 | D:1      | Noticed a shining eye
   199 | D:1      | Noticed a golden eye
   199 | D:1      | Noticed a great orb of eyes
   341 | D:1      | Learned a level 1 spell: Foxfire
   533 | D:1      | Reached XP level 2. HP: 13/13 MP: 6/6
  1171 | D:2      | Found a bloodstained altar of Trog.
  1184 | D:2      | Learned a level 1 spell: Beastly Appendage
  1473 | D:2      | Reached XP level 3. HP: 16/16 MP: 5/8
  1979 | D:2      | Reached XP level 4. HP: 21/21 MP: 7/9
  2052 | D:2      | Found a runed translucent door.
  2053 | D:2      | Noticed Crazy Yiuf
  3041 | D:2      | Killed Crazy Yiuf
  3042 | D:2      | Reached skill level 4 in Stealth
  3042 | D:2      | Reached skill level 1 in Conjurations
  3113 | D:3      | Noticed Grinder
  3122 | D:3      | Paralysed by Grinder for 4 turns
  3122 | D:3      | Slain by Grinder

Illustrated notes

Levels and vault maps discovered:
D:1:      shiori_arrival_whats_in_store_for_you, layout_basic,
          hellmonk_ecumenical_altar_watching_god, minmay_tromino_v7
D:2:      layout_basic, basic_altar, uniq_crazy_yiuf_cottage
D:3:      layout_rooms, grunt_temple_overflow_open, hangedman_feature_mirror,
          minmay_misc_feat_tower, uniq_grinder, uniq_jessica

Skill      XL: |  1  2  3  4 |
---------------+-------------+-----
Earth Magic    | 3 |  3.3
Dodging        | 3 |  3.3
Spellcasting   | 3 |  3.2
Transmutations | 2 |  2.3
Stealth        | 4 |  4.0
Conjurations   | 1 |  1.1
Fire Magic     | |  0.6

Action                   |  1- 3 |  4- 6 || total
-------------------------+-------+-------++-------
Melee: Dagger            |    16 |    11 ||    27
       Punch             |     1 |       ||     1
 Cast: Sandblast         |    34 |    22 ||    56
       Beastly Appendage |     1 |       ||     1
 Stab: Sleeping          |     5 |     1 ||     6
Armor: Robe              |     4 |     4 ||     8
Dodge: Dodged            |    12 |    26 ||    38
